 Dungeon Crawl Stone Soup version 0.28-a0-589-g333b8329f1 (webtiles) character file.

Game seed: 17136197659482577685

33 iamoutofideas the Chopper (level 3, 0/30 HPs)
             Began as a Hill Orc Gladiator on Oct 4, 2021.
             Slain by Terence (7 damage)
             ... on level 2 of the Dungeon.
             The game lasted 00:00:39 (979 turns).

iamoutofideas the Chopper (Hill Orc Gladiator)       Turns: 979, Time: 00:00:39

Health: 0/30       AC:  4    Str: 17    XL:     3   Next: 29%
Magic:  3/3        EV: 12    Int:  8    God:
Gold:   54         SH:  0    Dex: 12    Spells: 2/2 levels left

rFire   . . .      SeeInvis .   a - +0 war axe
rCold   . . .      Faith    .   (no shield)
rNeg    . . .      Spirit   .   b - +0 leather armour
rPois   .          Reflect  .   c - +0 helmet
rElec   .          Harm     .   (no cloak)
rCorr   +          Rampage  .   (no gloves)
Will    .....                   (no boots)
Stlth   +.........              (no amulet)
HPRegen 0.10/turn               h - ring of resist corrosion
MPRegen 0.08/turn               (no ring)

@: no status effects
A: no striking features
a: no special abilities


You were on level 2 of the Dungeon.
You visited 1 branch of the dungeon, and saw 2 of its levels.

You collected 54 gold pieces.

Inventory:

Hand Weapons
 a - a +0 war axe (weapon)
Missiles
 d - 3 throwing nets (quivered)
Armour
 b - a +0 leather armour (worn)
 c - a +0 helmet (worn)
Jewellery
 h - a ring of resist corrosion (left hand)
Scrolls
 f - 3 scrolls of teleportation {unknown}
 g - a scroll of magic mapping {unknown}
 i - a scroll of identify {unknown}
Potions
 e - a potion of heal wounds {unknown}


   Skills:
 + Level 2.6 Fighting
 * Level 5.1 Axes
 - Level 2.0 Throwing
 - Level 0.1 Armour
 - Level 2.6 Dodging


You had 2 spell levels left.
You didn't know any spells.
Your spell library contained the following spells:

 Spells                   Type           Power      Damage    Failure   Level
 Ensorcelled Hibernation  Hex/Ice        0%         N/A       61%         2
 Tukima's Dance           Hex            0%         N/A       83%         3


Dungeon Overview and Level Annotations

Branches:
Dungeon (2/15)

Altars:

Annotations:
D:2 Terence


Message History

You closely miss Terence.
Terence is lightly wounded.
Terence misses you.
You hit Terence.
Terence is moderately wounded.
Terence hits you but does no damage.
You closely miss Terence.
Terence is moderately wounded.
Terence hits you with a +0 mace.
You closely miss Terence.
Terence is moderately wounded.
Terence hits you with a +0 mace.
You hit Terence.
Terence is moderately wounded.
Terence closely misses you. Terence barely misses you.
You closely miss Terence.
Terence is moderately wounded.
Terence closely misses you.
You hit Terence but do no damage.
Terence is moderately wounded.
Terence hits you with a +0 mace.
You hit Terence.
Terence is heavily wounded.
Terence closely misses you.
You slash Terence!
Terence is almost dead.
Terence barely misses you. Terence hits you with a +0 mace.
You barely miss Terence.
Terence is almost dead.
Terence misses you.
You are too injured to fight recklessly!
You hit Terence but do no damage.
Terence is almost dead.
Terence hits you with a +0 mace.
* * * LOW HITPOINT WARNING * * *
You are too injured to fight recklessly!
You hit Terence but do no damage.
Terence is almost dead.
Terence hits you with a +0 mace!
You die...

#########
#........
##.###...
#<..##..#
#...##@.#
####...##@.#
#..........#
#..........#
#..........##.#
###...........#
#....########
#.........#
#.#.#####.#
#.#.#


You could see Terence.

Vanquished Creatures
  A dart slug (D:1)
  3 endoplasms
  A giant cockroach (D:1)
  3 goblins (D:1)
  3 hobgoblins (D:1)
  3 jackals (D:1)
  A quokka (D:1)
  3 ball pythons (D:1)
  3 bats (D:1)
  3 frilled lizards (D:1)
  2 kobolds (D:1)
  3 rats (D:1)
  A spectral goblin (D:1)
30 creatures vanquished.

Notes
Turn   | Place    | Note
-------+----------+-------------------------------------------
     0 | D:1      | iamoutofideas the Hill Orc Gladiator began the quest for
                  | the Orb.
     0 | D:1      | Reached XP level 1. HP: 18/18 MP: 1/1
   222 | D:1      | Reached XP level 2. HP: 25/25 MP: 2/2
   306 | D:1      | Found a faded altar of an unknown god.
   551 | D:1      | Reached XP level 3. HP: 30/30 MP: 3/3
   754 | D:1      | Reached skill level 5 in Axes
   960 | D:2      | Noticed Terence
   979 | D:2      | Slain by Terence

Illustrated notes

Levels and vault maps discovered:
D:1:      lightli_arrival_windingriver, layout_basic,
          dreamdust_ecumenical_altar_drowned_temple
D:2:      layout_loops_ring, basic_altar, uniq_terence

Skill      XL: |  1  2  3 |
---------------+----------+-----
Throwing       | 2 |  2.0
Axes           | 5 |  5.1
Fighting       | |  2.6
Armour         | |  0.1
Dodging        | |  2.6

Action                   || total
-------------------------++-------
Melee: War axe           ||    95
Armor: Leather armour    ||    36
Dodge: Dodged            ||    74

Table legend: (Time is in decaauts)
 A = Elapsed time spent in this place.
 B = Non-inter-level travel time spent in this place.
 C = Inter-level travel time spent in this place.
 D = Time resting spent in this place.
 E = Time spent auto-exploring this place.
 F = Levels seen in this place.
 G = Mean time per level.
                   A        B        C        D        E       F      G
               +--------+--------+--------+--------+--------+-----+--------+
         Total |   1011 |    990 |     21 |      0 |    794 |   2 |  505.5 |
       Dungeon |   1011 |    990 |     21 |      0 |    794 |   2 |  505.5 |
               +--------+--------+--------+--------+--------+-----+--------+

Top non-repeatable levels by time:
     D:1: 979 daAuts
     D:2: 32 daAuts
